 Dungeon Crawl Stone Soup version 0.18-a0-1778-gadce9fa (webtiles) character file.

19962 deorigin the Blocker (level 12, -10/81 HPs)
             Began as a Gargoyle Fighter on Apr 16, 2016.
             Was an Elder of Qazlal.
             Splashed by Erica's acid (11 damage)
             ... on level 1 of the Lair of Beasts.
             The game lasted 00:44:41 (11529 turns).

deorigin the Blocker (Gargoyle Fighter)            Turns: 11529, Time: 00:44:42

Health: -10/81     AC: 21    Str: 24    XL:     12   Next: 74%
Magic:  21/21      EV:  8    Int:  8    God:    Qazlal [****..]
Gold:   444        SH: 19    Dex:  9    Spells: 0 memorised, 11 levels left

rFire  + . .     SeeInvis .     l - +0 whip (elec)
rCold  . . .     Gourm    .     L - +6 chain mail of Beauty {+Fly rPois MP+9 Dex-4}
rNeg   + . .     Faith    .     c - +1 shield
rPois  ∞         Spirit   .     (no helmet)
rElec  +         Dismiss  .     (no cloak)
rCorr  .         Reflect  .     (no gloves)
SustAt .         Harm     .     m - +0 pair of boots
MR     .....                    (no amulet)
Stlth  ..........               t - +2 ring of strength
                                C - ring of protection from fire

@: corroded, repel missiles, not resistant to hostile enchantments, extremely
unstealthy
A: negative energy resistance 1, electricity resistance, unbreathing,
petrification resistance, rot immunity, AC +8
a: Upheaval, Elemental Force, Renounce Religion, Evoke Flight


You were on level 1 of the Lair of Beasts.
You worshipped Qazlal.
Qazlal was greatly pleased with you.
You were not hungry.

You visited 3 branches of the dungeon, and saw 14 of its levels.

You collected 444 gold pieces.

Inventory:

Hand Weapons
 a - a +0 flail
 l - a +0 whip of electrocution (weapon)
 y - a +0 blowgun
 G - a +0 dire flail
 J - a +0 morningstar
 T - a +0 great mace
Missiles
 k - 53 poisoned needles
 q - 16 tomahawks (quivered)
 s - 7 javelins of returning
 v - 24 javelins
 M - 2 throwing nets
 S - 5 tomahawks of returning
Armour
 b - a +0 scale mail
 c - a +1 shield (worn)
 m - a +0 pair of boots (worn)
 x - a +0 plate armour
 L - the +6 chain mail of Beauty (worn) {+Fly rPois MP+9 Dex-4}
   (You took it off an orc on level 11 of the Dungeon)

   It affects your dexterity (-4).
   It protects you from poison.
   It affects your magic capacity (+9).
   It lets you fly.
 O - a +0 ring mail of poison resistance
Jewellery
 d - an uncursed ring of poison resistance {unknown}
 o - a cursed -2 ring of protection {unknown}
 t - a +2 ring of strength (right hand)
 C - a ring of protection from fire (left hand)
 F - an uncursed ring of protection from magic
 P - an uncursed ring of flight
Wands
 i - a wand of acid (11/15)
Scrolls
 e - a scroll of fog
 B - 2 scrolls of enchant weapon
 E - 2 scrolls of enchant armour
 I - a scroll of recharging
 R - 4 scrolls of remove curse
 V - 2 scrolls of noise {unknown}
Potions
 h - 6 potions of curing
 j - a potion of cancellation
 p - a potion of agility {unknown}
 r - a potion of brilliance
 u - 2 potions of cure mutation
 K - 3 potions of flight
 Q - a potion of ambrosia
 U - a potion of haste {unknown}
Books
 w - a book of the Tempests

   Spells                             Type                      Level
   a - Static Discharge               Conjuration/Air              3
   b - Lightning Bolt                 Conjuration/Air              5
   c - Fireball                       Conjuration/Fire             5
   d - Tornado                        Air                          9
   e - Shatter                        Earth                        9
 N - a book of Envenomations

   Spells                             Type                      Level
   a - Spider Form                    Transmutation/Poison         3
   b - Olgreb's Toxic Radiance        Poison                       4
   c - Alistair's Intoxication        Transmutation/Poison         5
   d - Poisonous Cloud                Conjuration/Poison/Air       6
Comestibles
 f - 12 bread rations
 g - 4 meat rations
 n - 8 beef jerkies
 D - a slice of pizza
 W - 4 fruits


   Skills:
 + Level 12.0 Fighting
 + Level 11.9 Maces & Flails
 - Level 1.5 Throwing
 - Level 3.2 Armour
 - Level 1.2 Dodging
 - Level 1.0 Stealth
 + Level 14.0 Shields
 + Level 0.3 Evocations


You had 11 spell levels left.
You didn't know any spells.

Dungeon Overview and Level Annotations

Branches:
Dungeon (12/15)            Temple (1/1) D:5            Lair (1/8) D:11
    Orc (0/2) D:11

Altars:
Ashenzari
Cheibriados
Dithmenos
Elyvilon
Fedhas
Gozag
Kikubaaqudgha
Makhleb
Nemelex Xobeh
Okawaru
Pakellas
Qazlal
Ru
Sif Muna
Trog
Vehumet
Xom
Yredelemnul
Zin
The Shining One

Shops:
D:5 (   D:7 (

Annotations:
Lair:1 Erica


Innate Abilities, Weirdness & Mutations

You are resistant to torment.
Your stone body is resilient (AC +8).
You are immune to poison.
You resist negative energy.
You are resistant to electric shocks.
You can survive without breathing.
You are immune to petrification.
You are immune to rotting.


Message History

The acid corrodes you!
The acid burns!
* * * LOW HITPOINT WARNING * * *
Read which item? (? for menu, Esc to quit)
Okay, then.
Your chain mail of Beauty prevents you from hitting something.
You miss something. Something hits you but does no damage.
You closely miss something. You closely miss something.
You hear some strange, mumbled words.
Something tries to affect you, but you resist.
You hit something but do no damage.
There is a sudden explosion of sparks!
You closely miss something. Something hits you but does no damage.
You miss something. You miss something.
You hear a zap.
A bolt of acid appears from out of thin air!
The bolt of acid hits you!
* * * LOW HITPOINT WARNING * * *
The acid corrodes you!
The acid burns!
You die...

# ######
.##.#.###########..#P####
......§.@.§..............
...#...##§§....#....#.... #...
#.§.#..#.§..#.... #...
#.....##....#....
#.P.##..%.#...##...P.##.........
#.#.......#..{#P.....##....#....
#.#. #....#........#..#.........
... #....#....#..............#.
# .. #....#...P#.#.#§##......##.


There were no monsters in sight!

Vanquished Creatures
  The ghost of Gruesome the Contemplative, a journeyman DsMo of Cheibriados (D:11)
  2 hydras (D:11)
  The ghost of Chiseanne the Fighter, a journeyman DsMo of Gozag (D:10)
  Erolcha (D:9)
  5 skeletal warriors (D:11)
  3 hill giants (D:11)
  A deep elf mage (D:11)
  2 ugly things (D:11)
  2 cyclopes
  2 manticores (D:11)
  2 gargoyles
  A kobold demonologist (D:11)
  2 trolls
  2 two-headed ogres
  2 vampires (D:11)
  A wraith (D:10)
  8 yaks
  A basilisk (Lair:1)
  4 hippogriffs
  3 water moccasins
  The ghost of barb4r1an the Sneak, an amateur SpEn (D:4)
  2 orc warriors (D:11)
  4 sky beasts
  4 ice beasts
  A black bear (D:11)
  2 wasps
  4 wolves (Lair:1)
  6 centaurs
  9 ogres
  A phantom (D:9)
  A crocodile (Lair:1)
  A big kobold (D:10)
  6 giant frogs
  2 scorpions
  2 wyvern skeletons
  3 killer bees (D:7)
  8 wights
  3 howler monkeys
  8 crimson imps
  2 giant frog zombies
  4 jellies
  An orc priest (D:8)
  6 hounds
  2 centaur skeletons (D:5)
  7 orc wizards
  4 worker ants
  6 iguanas
  A howler monkey zombie (D:6)
  2 worker ant zombies
  3 gnolls (D:10)
  A howler monkey skeleton (D:5)
  11 adders
  4 shadow imps
  An ooze (D:4)
  A worm (D:3)
  2 dart slugs
  3 giant geckos
  26 orcs
  10 bats
  2 giant cockroaches
  7 hobgoblins
  6 jackals
  12 kobolds
  10 quokkas
  3 ball pythons
  A ball python zombie (D:6)
  4 giant newts
  6 goblins
  8 rats
  A fungus (Lair:1)
  4 plants
275 creatures vanquished.

Vanquished Creatures (others)
  51 fungi
  30 plants (D:11)
81 creatures vanquished.

Grand Total: 356 creatures vanquished

Notes
Turn   | Place    | Note
--------------------------------------------------------------
     0 | D:1      | deorigin the Gargoyle Fighter began the quest for the Orb.
     0 | D:1      | Reached XP level 1. HP: 14/14 MP: 1/1
    91 | D:1      | Reached XP level 2. HP: 17/20 MP: 2/2
   340 | D:1      | Reached skill level 1 in Dodging
   435 | D:1      | Reached XP level 3. HP: 22/24 MP: 3/3
   574 | D:2      | Found a snail-covered altar of Cheibriados.
   999 | D:3      | Reached XP level 4. HP: 30/30 MP: 4/4
  1045 | D:3      | Found a sacrificial altar of Ru.
  1048 | D:3      | Noticed an ice beast
  1060 | D:3      | Killed an ice beast
  1060 | D:3      | Reached skill level 5 in Fighting
  1060 | D:3      | Reached XP level 5. HP: 26/35 MP: 5/5
  1702 | D:4      | Noticed barb4r1an's ghost (amateur SpEn)
  1710 | D:4      | Killed barb4r1an's ghost
  1710 | D:4      | Reached XP level 6. HP: 35/41 MP: 6/6
  1964 | D:4      | Reached skill level 1 in Stealth
  2114 | D:5      | Entered Level 5 of the Dungeon
  2136 | D:5      | Reached XP level 7. HP: 34/47 MP: 7/7
  2239 | D:5      | Found a staircase to the Ecumenical Temple.
  2257 | Temple   | Entered the Ecumenical Temple
  2502 | Temple   | Became a worshipper of Qazlal Stormbringer
  2541 | D:5      | Reached skill level 5 in Maces & Flails
  2946 | D:5      | Found Duthu's Antique Weapon Emporium.
  2964 | D:5      | Reached skill level 1 in Throwing
  2987 | D:5      | Found a stormy altar of Qazlal.
  3042 | D:5      | Reached XP level 8. HP: 47/53 MP: 8/8
  3390 | D:6      | Reached * piety under Qazlal
  3907 | D:7      | Found an oddly glowing altar of Pakellas.
  3952 | D:7      | Reached XP level 9. HP: 48/60 MP: 9/9
  4188 | D:7      | Found Gauq's Weapon Emporium.
  4241 | D:7      | Reached skill level 4 in Shields
  4401 | D:8      | Noticed a two-headed ogre
  4413 | D:8      | Killed a two-headed ogre
  4469 | D:8      | Reached skill level 5 in Shields
  4726 | D:8      | You fall through a shaft for 3 floors!
  4726 | D:11     | Noticed a gargoyle
  4740 | D:11     | Killed a gargoyle
  4740 | D:11     | Reached skill level 6 in Shields
  4890 | D:11     | Found a staircase to the Orcish Mines.
  4902 | D:11     | Reached ** piety under Qazlal
  4911 | D:11     | Reached skill level 10 in Fighting
  4918 | D:11     | Reached XP level 10. HP: 51/68 MP: 10/10
  5019 | D:11     | Got a slimy chain mail
  5036 | D:11     | Identified the +6 chain mail of Beauty {+Fly rPois MP+9 Dex-4} (You took it off an orc on level 11 of the Dungeon)
  5170 | D:11     | Reached skill level 7 in Shields
  5174 | D:11     | Noticed Gruesome's ghost (journeyman DsMo)
  5183 | D:10     | Entered Level 10 of the Dungeon
  5183 | D:10     | Noticed a gargoyle
  5201 | D:10     | Killed a gargoyle
  5469 | D:8      | Found a sacrificial altar of Ru.
  5675 | D:8      | Found a bloodstained altar of Trog.
  5721 | D:8      | Reached skill level 8 in Shields
  5812 | D:8      | Found an iron altar of Okawaru.
  5812 | D:8      | Found a burning altar of Makhleb.
  6052 | D:9      | Noticed Erolcha
  6061 | D:9      | Killed Erolcha
  6061 | D:9      | Reached skill level 10 in Maces & Flails
  6089 | D:9      | Reached skill level 9 in Shields
  6318 | D:9      | Reached *** piety under Qazlal
  6385 | D:9      | Found a shattered altar of Ashenzari.
  6490 | D:9      | Found a shadowy altar of Dithmenos.
  6547 | D:9      | Found a deep blue altar of Sif Muna.
  6800 | D:9      | Reached XP level 11. HP: 73/73 MP: 11/11
  6902 | D:9      | Noticed a cyclops
  6911 | D:9      | Killed a cyclops
  7202 | D:10     | Reached skill level 10 in Shields
  7445 | D:10     | Noticed Chiseanne's ghost (journeyman DsMo)
  7876 | D:11     | Noticed an eight-headed hydra
  7887 | D:11     | Killed an eight-headed hydra
  8308 | D:10     | Killed Chiseanne's ghost
  8758 | D:11     | Killed Gruesome's ghost
  8758 | D:11     | Reached skill level 11 in Shields
  8949 | D:11     | Noticed a manticore
  8985 | D:11     | Killed a manticore
  9085 | D:11     | Reached **** piety under Qazlal
  9086 | D:11     | Noticed a red ugly thing
  9104 | D:11     | Killed a red ugly thing
  9160 | D:11     | Noticed a deep elf mage
  9178 | D:11     | Noticed a skeletal warrior
  9180 | D:11     | Noticed a skeletal warrior
  9183 | D:11     | Killed a deep elf mage
  9184 | D:11     | Found a staircase to the Lair.
  9190 | D:11     | Noticed a skeletal warrior
  9192 | D:11     | Noticed a skeletal warrior
  9209 | D:11     | Noticed a red ugly thing
  9237 | D:11     | Killed a red ugly thing
  9237 | D:11     | Reached skill level 12 in Shields
  9295 | D:11     | Noticed a cyclops
  9301 | D:11     | Killed a cyclops
  9361 | D:11     | Noticed a hill giant
  9369 | D:11     | Killed a hill giant
  9369 | D:11     | Reached XP level 12. HP: 21/80 MP: 12/12
  9926 | D:11     | Reached skill level 13 in Shields
 10158 | D:11     | Noticed a five-headed hydra
 10171 | D:11     | Killed a five-headed hydra
 10617 | Lair:1   | Entered Level 1 of the Lair of Beasts
 11102 | Lair:1   | Noticed Erica
 11330 | Lair:1   | Reached skill level 14 in Shields
 11529 | Lair:1   | HP: 1/81 [something/wand of acid (6)]
 11529 | Lair:1   | Splashed by Erica's acid

Vault maps used:
D:1:      dpeg_arrival_subterranean_lakeside_camping
D:2:      grunt_decor_one_mirror, kennysheep_slug_shrine
D:3:      lemuel_crystal_altar, first_bread, grunt_decor_resistance
D:4:      serial_park_tiny_2
D:5:      old_forge, minmay_temple_entry_large_hall, serial_shops, shop,
          grunt_qazlal_clouds
D:7:      basic_altar, serial_shops, shop, grunt_ogre_cave
D:8:      nicolae_overflow_crystal_walls, gammafunk_temple_overflow_wave,
          serial_column_ruins, column_ruins_columns_straight,
          column_ruins_corridor_corner, column_ruins_open_medium,
          column_ruins_open_tiny, column_ruins_columns_water,
          nicolae_ru_path_of_blood
D:9:      led_sif_pool, ashenzari_conservatory_becter, grunt_dithmenos_shadows,
          uniq_erolcha
D:10:     grunt_ministairs_3
D:11:     due_lair_maze_entry_diamond, david_orc_3
Temple:   minmay_temple_curvy_14
Lair:1:   serial_bayou_pond_d, uniq_erica

Skill      XL: |  1  2  3  4  5  6  7  8  9 10 11 12 |
---------------+-------------------------------------+-----
Fighting       | 4 5 6 7 8 10 11 12 | 12.0
Dodging        | 1 |  1.2
Maces & Flails | 3 4 6 7 9 10 11 | 11.9
Stealth        | 1 |  1.0
Throwing       | 1 |  1.5
Shields        | 6 9 12 14 | 14.0
Armour         | |  3.2
Evocations     | |  0.3

Action                   |  1- 3 |  4- 6 |  7- 9 | 10-12 || total
-------------------------+-------+-------+-------+-------++-------
Melee: Flail             |    67 |       |       |       ||    67
       Whip              |    90 |    61 |   401 |   980 ||  1532
 Fire: Blowgun           |       |     4 |     4 |       ||     8
Throw: Tomahawk          |       |     1 |       |       ||     1
 Abil: Evoke Flight      |       |       |       |     1 ||     1
  Use: Scroll            |     6 |     1 |     9 |     9 ||    25
       Potion            |       |     1 |     2 |     5 ||     8
  Eat: Chunk             |       |     4 |     5 |    16 ||    25
       Bread ration      |       |       |     1 |       ||     1
       Fruit             |       |       |       |     4 ||     4
       Meat ration       |       |       |       |     1 ||     1
       Pizza             |       |       |       |     1 ||     1
Armor: Scale mail        |    86 |    25 |   131 |     3 ||   245
       Chain mail        |       |       |       |   222 ||   222
Dodge: Dodged            |    58 |    12 |    81 |    93 ||   244
       Deflected         |       |       |       |     5 ||     5
Block: Shield            |    84 |    26 |   174 |   468 ||   752
